 Seeded DCSS version 0.30.1-9-gdf580d7c3d (webtiles) character file.

Game seed: 7547814903460644772 (custom seed)

162 Psyclone the Stinger (level 5, 0/31 HPs)
             Began as an Octopode Venom Mage on Sept 27, 2023.
             Was an Initiate of Gozag.
             Slain by Pargi (3 damage)
             ... in a sewer.
             The game lasted 00:07:01 (1302 turns).

Psyclone the Stinger (Octopode Venom Mage)          Turns: 1302, Time: 00:07:02

Health: 0/31       AC:  1    Str:  7    XL:     5   Next: 43%
Magic:  5/8        EV: 13    Int: 19    God:    Gozag
Gold:   131        SH:  0    Dex: 19    Spells: 5/8 levels left

rFire   . . .        d - +4 dagger
rCold   . . .        (no shield)
rNeg    . . .        (helmet restricted)
rPois   .            (no amulet)
rElec   .            g - +6 ring of dexterity
rCorr   .            (no ring)
SInv    .            (no ring)
Will    .....        (no ring)
Stlth   ++++         (no ring)
HPRegen 0.25/turn    (no ring)
MPRegen 0.11/turn    (no ring)
                     (no ring)

%: no passive effects
@: no status effects
A: almost no armour, amphibious, 8 rings, camouflage 1, gelatinous body 1,
nimble swimmer 1, tentacles
a: Renounce Religion, Potion Petition, Call Merchant, Bribe Branch


You were in a sewer.
You worshipped Gozag.
Gozag was aware of your devotion.
You visited 1 branch of the dungeon, and saw 5 of its levels.
You also visited: Sewer.

You collected 239 gold pieces.
You paid 108 gold pieces to Gozag.

Inventory:

Hand Weapons
 d - a +4 dagger (weapon)
Jewellery
 g - a +6 ring of dexterity (left tentacle)
Scrolls
 b - a scroll of identify {unknown}
 f - a scroll of enchant armour {unknown}
Potions
 a - a potion of magic
 c - 2 potions of experience {unknown}
 h - a potion of haste {unknown}


   Skills:
 - Level 2.0 Dodging
 - Level 2.6 Stealth
 - Level 2.0 Spellcasting
 - Level 1.0 Transmutations
 + Level 7.2 Poison Magic


You had 5 spell levels left.
You knew the following spells:

 Your Spells              Type           Power      Damage    Failure   Level
a - Poisonous Vapours     Pois/Air       30%        N/A       6%          2
v - Sting                 Tmut/Pois      68%        1d6       3%          1

Your spell library contained the following spells:

 Spells                   Type           Power      Damage    Failure   Level
 Olgreb's Toxic Radiance  Pois           29%        N/A       9%          4
 Mephitic Cloud           Conj/Pois/Air  11%        N/A       19%         3
 Lesser Beckoning         Tloc           2%         N/A       26%         2
 Gell's Gravitas          Tloc           1%         N/A       45%         3
 Teleport Other           Tloc           1%         N/A       45%         3


Dungeon Overview and Level Annotations

Branches:
Dungeon (5/15) Zot: 26668   Sewer (1/1) Zot: 5728
 Temple: D:4-7

Altars:
Gozag
Okawaru
Ru
Yredelemnul

Annotations:
Sewer Pargi


Innate Abilities, Weirdness & Mutations

You cannot wear most types of armour.
You are amphibious.
You can wear up to eight rings at the same time.
Your skin changes colour to match your surroundings (Stealth+).
Your rubbery body absorbs attacks. (AC +1, EV +1)
You are camouflaged when in or above water. (Stealth+)
You have tentacles for arms and can constrict up to eight enemies at once.


Message History

Confirm with . or Enter, or press ? or * to list all spells.
Aiming: Sting (safe; 3% risk of failure)
Press: ? - help, Shift-Dir - straight line, f/p - Pargi
Aim: Pargi (lightly wounded, poisoned, 67% to hit)
The sting hits Pargi.
Pargi looks even sicker.
Pargi is moderately wounded.
You now have 5/8 mp.
You enter the shallow water.
Casting: Sting (safe; 3% risk of failure)
Confirm with . or Enter, or press ? or * to list all spells.
Aiming: Sting (safe; 3% risk of failure)
Press: ? - help, Shift-Dir - straight line, f/p - Pargi
Aim: Pargi (moderately wounded, very poisoned, 67% to hit)
The sting hits Pargi but does no damage.
Pargi looks even sicker.
Pargi is moderately wounded.
You now have 4/8 mp.
You hit Pargi.
Pargi is heavily wounded.
Pargi barely misses you. x3
You barely miss Pargi. You squeeze Pargi.
Pargi is heavily wounded.
Pargi bites you. Pargi claws you. Pargi closely misses you.
You take 9 damage, and have 22/31 hp.
MASSIVE DAMAGE!!
You hit Pargi.
Pargi is heavily wounded.
Pargi bites you. Pargi claws you. x2
You take 6 damage, and have 16/31 hp.
You hit Pargi.
Pargi is severely wounded.
Pargi bites you!
* * * LOW HITPOINT WARNING * * *
Pargi misses you. Pargi claws you.
* * * LOW HITPOINT WARNING * * *
You take 10 damage, and have 6/31 hp.
MASSIVE DAMAGE!!
Pargi attacks as you move away! Pargi misses you. Pargi claws you.
* * * LOW HITPOINT WARNING * * *
Pargi claws you.
You die...
Your body crumbles into a pile of gold.

#~≈~# #~≈~#
#~≈~# #~≈~#
#~≈~# #~≈~#
#############
#..'.~≈@T'..#
####.~≈~.####
####.~≈~.####
#(.'.~≈~.'..#
####.~≈~.####
####.~≈~.####
#..'.~≈~.'..#
####.~≈~.####
####.~≈~.####


You could see Pargi (very poisoned).

Vanquished Creatures
  An ogre (D:4)
  3 adders (D:4)
  A river rat (D:4)
  3 worms (D:4)
  An orc (D:5)
  A ball python (D:2)
  2 bats
  An endoplasm (D:1)
  A giant cockroach (Sewer)
  A goblin (D:4)
  5 hobgoblins
  4 jackals (D:4)
  A quokka (D:2)
  4 frilled lizards
  3 kobolds
32 creatures vanquished.

Notes
Turn   | Place    | Note
-------+----------+-------------------------------------------
     0 | D:1      | Psyclone the Octopode Venom Mage began the quest for the
                  | Orb.
     0 | D:1      | Reached XP level 1. HP: 11/11 MP: 3/3
   155 | D:1      | Reached skill level 4 in Poison Magic
   193 | D:1      | Reached XP level 2. HP: 13/17 MP: 0/5
   322 | D:2      | Learned a level 2 spell: Poisonous Vapours
   546 | D:4      | Noticed an ogre
   576 | D:4      | Found a basalt altar of Yredelemnul.
   583 | D:4      | Noticed an ogre
   616 | D:4      | Killed an ogre
   617 | D:4      | Reached skill level 6 in Poison Magic
   617 | D:4      | Reached XP level 3. HP: 7/21 MP: 1/6
   617 | D:4      | Reached XP level 4. HP: 9/27 MP: 1/7
   699 | D:5      | Entered Level 5 of the Dungeon
   705 | D:5      | Found an opulent altar of Gozag.
   705 | D:5      | Found a sacrificial altar of Ru.
   706 | D:5      | Found an iron altar of Okawaru.
   709 | D:5      | Became a worshipper of Gozag Ym Sagoz the Greedy
   774 | D:4      | Reached XP level 5. HP: 29/31 MP: 1/8
   947 | D:4      | Reached skill level 7 in Poison Magic
  1018 | D:4      | Found a glowing drain.
  1030 | Sewer    | Entered a sewer
  1155 | Sewer    | Noticed Pargi
  1173 | Sewer    | HP: 1/31 [Pargi (3)]
  1302 | Sewer    | Slain by Pargi

Illustrated notes

Levels and vault maps discovered:
D:1:      lordsloth_arrival_two_stooges, layout_basic,
          chequers_ecumenical_altar_simple
D:2:      layout_loops_ring, uniq_jessica
D:3:      layout_loops_cross, ashenzari_conservatory_becter,
          nzn_wu_jian_council_hall, chequers_serial_rivers_room_a,
          grunt_decor_cap, hangedman_abyss_or_decor_lesser_grid,
          hangedman_decor_peaks_small, minmay_gold_behind_fungi, uniq_natasha,
          uniq_crazy_yiuf_cottage
D:4:      layout_loops_ring, grunt_temple_overflow_order_and_chaos_2,
          yredelemnul_altar_generic, nemelex_dance_club_becter,
          gup_sewer_entry_bubbles
D:5:      layout_loops_ring, grunt_temple_overflow_growth_and_decay,
          nicolae_overflow_quartered_altars, doesnt_shop_hydraphobe
Sewer:    kennysheep_door_sewer

Skill      XL: |  1  2  3  4  5 |
---------------+----------------+-----
Poison Magic   | 4 6 7 |  7.2
Dodging        | |  2.0
Stealth        | |  2.6
Spellcasting   | |  2.0
Transmutations | |  1.0

Action                     |  1- 3 |  4- 6 || total
---------------------------+-------+-------++-------
  Melee: Unarmed           |     6 |       ||     6
         Constrict         |     2 |    10 ||    12
         Dagger            |    10 |    38 ||    48
         Tentacles         |     2 |     6 ||     8
   Cast: Sting             |    11 |     7 ||    18
         Poisonous Vapours |     7 |    20 ||    27
    Use: Scroll            |       |     1 ||     1
   Stab: Sleeping          |     2 |     6 ||     8
 Armour: Skin              |     2 |     3 ||     5
  Dodge: Dodged            |    12 |    30 ||    42
